| TOP OF THE 1ST |
|
Staten Island Yankees batting - Pitching for Mahoning Valley Scrappers : RHP Fomio Tashima
|
|
Pitching: RHP Fomio Tashima
|
|
|
Batting: RHB Luwen Storm
|
0-0: Called Strike 0-1: Called Strike 0-2: Ball 1-2: Ball 2-2: SINGLE (Flyball, 34D, EV 83.8 MPH)
|
|
Batting: RHB Steve Martin
|
0-0: Ball 1-0: Called Strike Luwen Storm steals 2nd base 1-1: Ground out 4-3 (Groundball, 4, EV 106.9 MPH) Luwen Storm to third
|
|
Batting: RHB Andres Valles
|
0-0: Ball 1-0: Ball 2-0: Foul Ball, location: 2F 2-1: Ground out 6-3 (Groundball, 6, EV 86.9 MPH) Luwen Storm scores
|
|
Batting: LHB Roald Jacobs
|
0-0: Ball 1-0: Ball 2-0: SOLO HOME RUN (Flyball, 7D, EV 99.4 MPH), Distance : 376 ft
|
|
Batting: LHB Tatsuo Yasui
|
0-0: Foul Ball, location: 2F 0-1: Foul Ball, location: 2F 0-2: Foul Ball, location: 2F 0-2: Ball 1-2: Ground out U3 (Groundball, 34S, EV 94.4 MPH)
|
| Top of the 1st over - 2 runs, 2 hits, 0 errors, 0 left on base; Staten Island 2 - Mahoning Valley 0 |
| BOTTOM OF THE 1ST |
|
Mahoning Valley Scrappers batting - Pitching for Staten Island Yankees : RHP Greg Waters
|
|
Pitching: RHP Greg Waters
|
|
|
Batting: LHB John Harring
|
0-0: Bunted foul 0-1: Called Strike 0-2: Ball 1-2: Ball 2-2: Ball 3-2: Base on Balls
|
|
Batting: RHB Juan Padilla
|
0-0: Ball 1-0: Grounds into double play, 6-4-3 (Groundball, 6, EV 76.9 MPH)
|
|
Batting: RHB Ryan Gautney
|
0-0: Ball 1-0: Ball 2-0: Ball 3-0: DOUBLE (Line Drive, 7LM, EV 100.6 MPH)
|
|
Batting: SHB Joe Zeiset
|
0-0: Foul Ball, location: 2F 0-1: Ball 1-1: Foul Ball, location: 2F 1-2: Ground out U3 (Groundball, 3, EV 78.8 MPH)
|
| Bottom of the 1st over - 0 runs, 1 hit, 0 errors, 1 left on base; Staten Island 2 - Mahoning Valley 0 |
| TOP OF THE 2ND |
|
Staten Island Yankees batting - Pitching for Mahoning Valley Scrappers : RHP Fomio Tashima
|
|
Batting: RHB Chris Diaz
|
0-0: Foul Ball, location: 2F 0-1: Called Strike 0-2: Ball 1-2: Ground out 4-3 (Groundball, 4, EV 91.3 MPH)
|
|
Batting: RHB Chris Yancey
|
0-0: Fly out, F7 (Flyball, 7D, EV 108.8 MPH)
|
|
Batting: RHB Nick Massengale
|
0-0: Foul Ball, location: 2F 0-1: Ball 1-1: Swinging Strike 1-2: Foul Ball, location: 2F 1-2: Foul Ball, location: 2F 1-2: Strikes out swinging
|
| Top of the 2nd over - 0 runs, 0 hits, 0 errors, 0 left on base; Staten Island 2 - Mahoning Valley 0 |
| BOTTOM OF THE 2ND |
|
Mahoning Valley Scrappers batting - Pitching for Staten Island Yankees : RHP Greg Waters
|
|
Batting: RHB Jeremy Givens
|
0-0: Called Strike 0-1: Ball 1-1: Called Strike 1-2: Ball 2-2: Strikes out swinging
|
|
Batting: RHB Andy Lewis
|
0-0: Called Strike 0-1: Ground out 6-3 (Groundball, 6, EV 81.9 MPH)
|
|
Batting: RHB Ricky Cordova
|
0-0: Ball 1-0: Ball 2-0: Foul Ball, location: 2F 2-1: Ball 3-1: Called Strike 3-2: Strikes out swinging
|
| Bottom of the 2nd over - 0 runs, 0 hits, 0 errors, 0 left on base; Staten Island 2 - Mahoning Valley 0 |
| TOP OF THE 3RD |
|
Staten Island Yankees batting - Pitching for Mahoning Valley Scrappers : RHP Fomio Tashima
|
|
Batting: SHB Victor Martinez
|
0-0: Ball 1-0: Called Strike 1-1: Foul Ball, location: 2F 1-2: Foul Ball, location: 2F 1-2: Ball 2-2: Foul Ball, location: 2F 2-2: SINGLE (Flyball, 5D, EV 94.4 MPH)
|
|
Batting: RHB Luwen Storm
|
0-0: Called Strike 0-1: Ball 1-1: Ball 2-1: Swinging Strike 2-2: Strikes out swinging
|
|
Batting: RHB Steve Martin
|
0-0: Ball Victor Martinez steals 2nd base 1-0: Ball 2-0: Ball 3-0: Called Strike 3-1: Base on Balls
|
|
Batting: RHB Andres Valles
|
0-0: Ball 1-0: Ball 2-0: Foul Ball, location: 2F 2-1: Foul Ball, location: 2F 2-2: Strikes out swinging
|
|
Batting: LHB Roald Jacobs
|
0-0: Ground out U3 (Groundball, 34S, EV 94.4 MPH)
|
| Top of the 3rd over - 0 runs, 1 hit, 0 errors, 2 left on base; Staten Island 2 - Mahoning Valley 0 |
| BOTTOM OF THE 3RD |
|
Mahoning Valley Scrappers batting - Pitching for Staten Island Yankees : RHP Greg Waters
|
|
Batting: RHB Willie Gonzales
|
0-0: Ball 1-0: Called Strike 1-1: Foul Ball, location: 2F 1-2: Ball 2-2: Strikes out swinging
|
|
Batting: RHB Blake Kelly
|
0-0: Ball 1-0: Swinging Strike 1-1: Ball 2-1: Swinging Strike 2-2: Strikes out swinging
|
|
Batting: LHB John Harring
|
0-0: Ground out 5-3 (Groundball, 25, EV 85.6 MPH)
|
| Bottom of the 3rd over - 0 runs, 0 hits, 0 errors, 0 left on base; Staten Island 2 - Mahoning Valley 0 |
| TOP OF THE 4TH |
|
Staten Island Yankees batting - Pitching for Mahoning Valley Scrappers : RHP Fomio Tashima
|
|
Batting: LHB Tatsuo Yasui
|
0-0: Ball 1-0: SINGLE (Line Drive, 34D, EV 110.6 MPH)
|
|
Batting: RHB Chris Diaz
|
0-0: Called Strike Tatsuo Yasui steals 2nd, throwing error, E2 Tatsuo Yasui to third 0-1: Foul Ball, location: 2F 0-2: Foul Ball, location: 2F 0-2: Ball 1-2: Ball 2-2: Fly out, F8 (Flyball, 8RM, EV 85.0 MPH)
|
|
Batting: RHB Chris Yancey
|
0-0: Called Strike 0-1: Ball 1-1: DOUBLE (Groundball, 5L, EV 110.0 MPH) Tatsuo Yasui scores
|
|
Batting: RHB Nick Massengale
|
0-0: Ground out 5-3 (Groundball, 56, EV 88.1 MPH)
|
|
Batting: SHB Victor Martinez
|
0-0: Called Strike 0-1: Ball 1-1: Ball 2-1: Ball 3-1: Base on Balls
|
|
Batting: RHB Luwen Storm
|
0-0: Ball 1-0: Called Strike 1-1: Foul Ball, location: 2F 1-2: Ball 2-2: Foul Ball, location: 2F 2-2: Foul Ball, location: 2F 2-2: Ground out 5-3 (Groundball, 56S, EV 72.5 MPH)
|
| Top of the 4th over - 1 run, 2 hits, 1 error, 2 left on base; Staten Island 3 - Mahoning Valley 0 |
| BOTTOM OF THE 4TH |
|
Mahoning Valley Scrappers batting - Pitching for Staten Island Yankees : RHP Greg Waters
|
|
Batting: RHB Juan Padilla
|
0-0: Foul Ball, location: 2F 0-1: Called Strike 0-2: Foul Ball, location: 2F 0-2: Strikes out swinging
|
|
Batting: RHB Ryan Gautney
|
0-0: Ball 1-0: Ball 2-0: Ground out 3-1 (Groundball, 34, EV 91.9 MPH)
|
|
Batting: SHB Joe Zeiset
|
0-0: Ball 1-0: Called Strike 1-1: Ball 2-1: Foul Ball, location: 2F 2-2: Strikes out looking
|
| Bottom of the 4th over - 0 runs, 0 hits, 0 errors, 0 left on base; Staten Island 3 - Mahoning Valley 0 |
| TOP OF THE 5TH |
|
Staten Island Yankees batting - Pitching for Mahoning Valley Scrappers : RHP Fomio Tashima
|
|
Batting: RHB Steve Martin
|
0-0: Ball 1-0: Foul Ball, location: 2F 1-1: Swinging Strike 1-2: Ball 2-2: Foul Ball, location: 2F 2-2: Foul Ball, location: 2F 2-2: Foul Ball, location: 2F 2-2: SINGLE (Groundball, 34S, EV 60.6 MPH) (infield hit)
|
|
Pitching: RHP Jeff Degel
|
|
|
Batting: RHB Andres Valles
|
0-0: Called Strike 0-1: Ball 1-1: TRIPLE (Line Drive, 89XD, EV 109.4 MPH) Steve Martin scores
|
|
Batting: LHB Roald Jacobs
|
0-0: Fly out, F9 (Flyball, 9D, EV 97.5 MPH)
|
|
Batting: LHB Tatsuo Yasui
|
0-0: Called Strike 0-1: Foul Ball, location: 2F 0-2: Ball 1-2: Ball 2-2: SINGLE (Groundball, 6MD, EV 94.4 MPH) Andres Valles scores
|
|
Batting: RHB Chris Diaz
|
0-0: Called Strike 0-1: Ball Tatsuo Yasui is caught stealing 2nd base 2-4 1-1: Called Strike 1-2: Foul Ball, location: 2F 1-2: Strikes out swinging
|
| Top of the 5th over - 2 runs, 3 hits, 0 errors, 0 left on base; Staten Island 5 - Mahoning Valley 0 |
| BOTTOM OF THE 5TH |
|
Mahoning Valley Scrappers batting - Pitching for Staten Island Yankees : RHP Greg Waters
|
|
Batting: RHB Jeremy Givens
|
0-0: Ground out 4-3 (Groundball, 4, EV 86.3 MPH)
|
|
Batting: RHB Andy Lewis
|
0-0: Ball 1-0: Called Strike 1-1: Fly out, F4 (Popup, 4S, EV 63.1 MPH)
|
|
Batting: RHB Ricky Cordova
|
0-0: Swinging Strike 0-1: Called Strike 0-2: Ball 1-2: Ball 2-2: Ground out 5-3 (Groundball, 56S, EV 68.8 MPH)
|
| Bottom of the 5th over - 0 runs, 0 hits, 0 errors, 0 left on base; Staten Island 5 - Mahoning Valley 0 |
| TOP OF THE 6TH |
|
Staten Island Yankees batting - Pitching for Mahoning Valley Scrappers : RHP Jeff Degel
|
|
Batting: RHB Chris Yancey
|
0-0: Called Strike 0-1: Ball 1-1: Ball 2-1: Ball 3-1: Base on Balls
|
|
Batting: RHB Nick Massengale
|
0-0: Called Strike 0-1: Ball 1-1: Called Strike 1-2: Foul Ball, location: 2F 1-2: Fly out, F9 (Flyball, 89XD, EV 95.6 MPH)
|
|
Batting: SHB Victor Martinez
|
0-0: Called Strike 0-1: Ball 1-1: Ball 2-1: Fly out, F9 (Flyball, 9S, EV 85.0 MPH)
|
|
Batting: RHB Luwen Storm
|
0-0: Ball 1-0: Foul Ball, location: 2F 1-1: Ball 2-1: Ball 3-1: Called Strike 3-2: Foul Ball, location: 2F 3-2: Ground out 6-3 (Groundball, 6, EV 86.9 MPH)
|
| Top of the 6th over - 0 runs, 0 hits, 0 errors, 1 left on base; Staten Island 5 - Mahoning Valley 0 |
| BOTTOM OF THE 6TH |
|
Mahoning Valley Scrappers batting - Pitching for Staten Island Yankees : RHP Greg Waters
|
|
Batting: RHB Willie Gonzales
|
0-0: Ball 1-0: Called Strike 1-1: Ball 2-1: Ball 3-1: SINGLE (Groundball, 6MD, EV 99.4 MPH)
|
|
Batting: RHB Blake Kelly
|
0-0: Called Strike 0-1: Swinging Strike 0-2: Strikes out swinging
|
|
Batting: LHB John Harring
|
0-0: Swinging Strike 0-1: Ball Willie Gonzales is caught stealing 2nd base 2-6 1-1: Foul Ball, location: 2F 1-2: DOUBLE (Flyball, 8RXD, EV 97.5 MPH)
|
|
Batting: RHB Juan Padilla
|
0-0: Called Strike 0-1: Foul Ball, location: 2F 0-2: Strikes out looking
|
| Bottom of the 6th over - 0 runs, 2 hits, 0 errors, 1 left on base; Staten Island 5 - Mahoning Valley 0 |
| TOP OF THE 7TH |
|
Staten Island Yankees batting - Pitching for Mahoning Valley Scrappers : RHP Jeff Degel
|
|
Batting: RHB Steve Martin
|
0-0: Ball 1-0: Fly out, F8 (Flyball, 8RS, EV 81.9 MPH)
|
|
Batting: RHB Andres Valles
|
0-0: Called Strike 0-1: Called Strike 0-2: Ball 1-2: Fly out, F9 (Flyball, 89M, EV 88.1 MPH)
|
|
Batting: LHB Roald Jacobs
|
0-0: Called Strike 0-1: Called Strike 0-2: SOLO HOME RUN (Flyball, 89XD, EV 108.1 MPH), Distance : 404 ft
|
|
Batting: LHB Tatsuo Yasui
|
0-0: Ball 1-0: Ball 2-0: Ball 3-0: Base on Balls
|
|
Batting: RHB Chris Diaz
|
0-0: Ball Tatsuo Yasui steals 2nd base (no throw) 1-0: Ball 2-0: Called Strike 2-1: Foul Ball, location: 2F 2-2: Strikes out swinging
|
| Top of the 7th over - 1 run, 1 hit, 0 errors, 1 left on base; Staten Island 6 - Mahoning Valley 0 |
| BOTTOM OF THE 7TH |
|
Mahoning Valley Scrappers batting - Pitching for Staten Island Yankees : RHP Greg Waters
|
|
Batting: RHB Ryan Gautney
|
0-0: Ball 1-0: SINGLE (Groundball, 6MD, EV 104.4 MPH)
|
|
Batting: SHB Joe Zeiset
|
0-0: Called Strike 0-1: Called Strike 0-2: Strikes out swinging
|
|
Batting: RHB Jeremy Givens
|
0-0: Foul Ball, location: 2F 0-1: Ball 1-1: Called Strike 1-2: Ball 2-2: Foul Ball, location: 2F 2-2: Ball 3-2: Foul Ball, location: 2F 3-2: SINGLE (Groundball, 6MD, EV 94.4 MPH) Ryan Gautney to second Runner from 2nd tries for 3rd, SAFE, throw by CF made to third
|
|
Batting: RHB Andy Lewis
|
0-0: Called Strike 0-1: Ball 1-1: Called Strike 1-2: Foul Ball, location: 2F 1-2: Strikes out swinging
|
|
Batting: RHB Ricky Cordova
|
0-0: Called Strike 0-1: Ball Wild Pitch! Ryan Gautney scores Jeremy Givens to second 1-1: Swinging Strike 1-2: Strikes out looking
|
| Bottom of the 7th over - 1 run, 2 hits, 0 errors, 1 left on base; Staten Island 6 - Mahoning Valley 1 |
| TOP OF THE 8TH |
|
Staten Island Yankees batting - Pitching for Mahoning Valley Scrappers : RHP Jeff Degel
|
|
Pitching: RHP Victor Amador
|
|
|
Batting: RHB Chris Yancey
|
0-0: Foul Ball, location: 2F 0-1: Ball 1-1: Ball 2-1: Ground out 5-3 (Groundball, 56, EV 85.6 MPH)
|
|
Batting: RHB Nick Massengale
|
0-0: Ball 1-0: Called Strike 1-1: Ground out 5-3 (Groundball, 5, EV 83.8 MPH)
|
|
Batting: SHB Victor Martinez
|
0-0: Ball 1-0: Ball 2-0: Ball 3-0: Called Strike 3-1: Ground out U3 (Groundball, 3, EV 86.9 MPH)
|
| Top of the 8th over - 0 runs, 0 hits, 0 errors, 0 left on base; Staten Island 6 - Mahoning Valley 1 |
| BOTTOM OF THE 8TH |
|
Mahoning Valley Scrappers batting - Pitching for Staten Island Yankees : RHP Greg Waters
|
|
Batting: RHB Willie Gonzales
|
0-0: Ball 1-0: Foul Ball, location: 2F 1-1: Ball 2-1: Ball 3-1: Base on Balls
|
|
Pitching: RHP Jon Carranza
|
|
|
Batting: RHB Blake Kelly
|
0-0: Ball 1-0: DOUBLE (Groundball, 5L, EV 109.4 MPH) Willie Gonzales to third
|
|
Batting: LHB John Harring
|
0-0: Ball 1-0: Swinging Strike 1-1: Ball 2-1: Ball 3-1: Foul Ball, location: 2F 3-2: Base on Balls
|
|
Pinch Hitting: LHB Devon Grant
|
0-0: Ball 1-0: Foul Ball, location: 2F 1-1: Foul Ball, location: 2F 1-2: Strikes out swinging
|
|
Batting: RHB Ryan Gautney
|
0-0: Fielders Choice at 2nd, 5-4 (Groundball, 56, EV 76.3 MPH) Willie Gonzales scores Blake Kelly to third
|
|
Batting: SHB Joe Zeiset
|
0-0: Ball 1-0: Ball 2-0: Ball 3-0: Base on Balls Ryan Gautney to second
|
|
Batting: RHB Jeremy Givens
|
0-0: Called Strike 0-1: Foul Ball, location: 2F 0-2: Strikes out swinging
|
| Bottom of the 8th over - 1 run, 1 hit, 0 errors, 3 left on base; Staten Island 6 - Mahoning Valley 2 |
| TOP OF THE 9TH |
|
Staten Island Yankees batting - Pitching for Mahoning Valley Scrappers : RHP Victor Amador
|
|
Now at 2B: Tetsuhiro Taki
|
|
|
Batting: RHB Luwen Storm
|
0-0: Called Strike 0-1: Ball 1-1: Foul Ball, location: 2F 1-2: Ball 2-2: Foul Ball, location: 2F 2-2: Ball 3-2: Foul Ball, location: 2F 3-2: SINGLE (Groundball, 6MD, EV 98.1 MPH)
|
|
Batting: RHB Steve Martin
|
0-0: Ball 1-0: Ball 2-0: Bunt missed! 2-1: Called Strike 2-2: DOUBLE (Flyball, 89D, EV 110.0 MPH) Luwen Storm to third
|
|
Batting: RHB Andres Valles
|
0-0: Ball 1-0: Ball 2-0: Foul Ball, location: 2F 2-1: Called Strike 2-2: Foul Ball, location: 2F 2-2: SINGLE (Line Drive, 89S, EV 101.3 MPH) Luwen Storm scores Steve Martin to third
|
|
Batting: LHB Roald Jacobs
|
0-0: Ball 1-0: Ball 2-0: Reached on error, E4 (Groundball, 4, EV 81.9 MPH) Steve Martin scores Andres Valles to second
|
|
Batting: LHB Tatsuo Yasui
|
0-0: Ball Wild Pitch! Andres Valles to third Roald Jacobs to second 1-0: Foul Ball, location: 2F 1-1: Foul Ball, location: 2F 1-2: Ball 2-2: Foul Ball, location: 2F 2-2: Ground out U3 (Groundball, 3D, EV 85.0 MPH)
|
|
Batting: RHB Chris Diaz
|
0-0: Swinging Strike 0-1: Ball 1-1: Foul Ball, location: 2F 1-2: Fly out, F8 (Flyball, 78M, EV 93.1 MPH)
|
|
Batting: RHB Chris Yancey
|
0-0: Called Strike 0-1: Ball Wild Pitch! Andres Valles scores Roald Jacobs to third 1-1: Fly out, F9 (Flyball, 9S, EV 85.6 MPH)
|
| Top of the 9th over - 3 runs, 3 hits, 1 error, 1 left on base; Staten Island 9 - Mahoning Valley 2 |
| BOTTOM OF THE 9TH |
|
Mahoning Valley Scrappers batting - Pitching for Staten Island Yankees : RHP Jon Carranza
|
|
Batting: RHB Andy Lewis
|
0-0: Reached on error, E3 (Groundball, 34, EV 86.9 MPH)
|
|
Batting: RHB Ricky Cordova
|
0-0: Called Strike 0-1: SINGLE (Line Drive, 8LS, EV 98.8 MPH) Andy Lewis to second
|
|
Batting: RHB Willie Gonzales
|
0-0: Ball 1-0: Ball 2-0: Ball 3-0: Called Strike 3-1: Base on Balls Andy Lewis to third Ricky Cordova to second
|
|
Batting: RHB Blake Kelly
|
0-0: Ball 1-0: Called Strike 1-1: Foul Ball, location: 2F 1-2: Ball 2-2: Strikes out swinging
|
|
Batting: LHB John Harring
|
0-0: Foul Ball, location: 2F 0-1: Called Strike 0-2: Strikes out swinging
|
|
Batting: RHB Tetsuhiro Taki
|
0-0: Called Strike 0-1: Fielders Choice at 2nd, 4-6 (Groundball, 4MD, EV 86.3 MPH)
|
| Bottom of the 9th over - 0 runs, 1 hit, 1 error, 3 left on base; Staten Island 9 - Mahoning Valley 2 |
|